BR
GILBERT FIRE FIGHTERS @ ATLANTIC CITY WAR DOGS
09/17/2026
 
TOP OF THE 1ST
Gilbert Fire Fighters batting - Pitching for Boise White Sox : RHP Luis Vargas
Pitching: RHP Luis Vargas
Batting: RHB Ángel Serrano 0-0: Foul Ball, location: 2F
0-1: Ball
1-1: Ball
2-1: Ball
3-1: Called Strike
3-2: Base on Balls
Batting: RHB Edgardo Castro 0-0: Called Strike
0-1: Ball
1-1: Foul Ball, location: 2F
1-2: Ball
2-2: Foul Ball, location: 2F
2-2: Foul Ball, location: 2F
2-2: Ball
3-2: Fly out, F2 (Popup, 2LF)
Batting: RHB Stan Simpson 0-0: Ball
1-0: Ball
2-0: Foul Ball, location: 2F
2-1: Ball
3-1: Fly out, F9 (Flyball, 9S)
Batting: RHB William Wilson 0-0: Ball
1-0: Called Strike
1-1: Foul Ball, location: 2F
1-2: Fly out, F7 (Flyball, 78D)
Top of the 1st over - 0 run(s), 0 hit(s), 0 error(s), 1 left on base; Gilbert 0 - Boise 0
BOTTOM OF THE 1ST
Boise White Sox batting - Pitching for Gilbert Fire Fighters : RHP Carlos Olmedo
Pitching: RHP Carlos Olmedo
Batting: SHB António Ramos 0-0: Called Strike
0-1: Ball
1-1: Fly out, F3 (Popup, 34)
Batting: RHB Armando Vega 0-0: Called Strike
0-1: Swinging Strike
0-2: Fly out, F8 (Line Drive, 8LM)
Batting: LHB Jorge Martínez 0-0: Ball
1-0: Ball
2-0: Foul Ball, location: 2F
2-1: Foul Ball, location: 2F
2-2: Foul Ball, location: 2F
2-2: Ball
3-2: Strikes out swinging
Bottom of the 1st over - 0 run(s), 0 hit(s), 0 error(s), 0 left on base; Gilbert 0 - Boise 0
TOP OF THE 2ND
Gilbert Fire Fighters batting - Pitching for Boise White Sox : RHP Luis Vargas
Batting: RHB Andrés Silva 0-0: Called Strike
0-1: Ball
1-1: Ground out 6-3 (Groundball, 6M)
Batting: RHB Ed Keesee 0-0: Ball
1-0: Foul Ball, location: 2F
1-1: Ball
2-1: Called Strike
2-2: Foul Ball, location: 2F
2-2: Ball
3-2: Ground out 1-3 (Groundball, 13S)
Batting: RHB Scott McCullough 0-0: Called Strike
0-1: Ball
1-1: Called Strike
1-2: Strikes out swinging
Top of the 2nd over - 0 run(s), 0 hit(s), 0 error(s), 0 left on base; Gilbert 0 - Boise 0
BOTTOM OF THE 2ND
Boise White Sox batting - Pitching for Gilbert Fire Fighters : RHP Carlos Olmedo
Batting: RHB Roberto Ybarra 0-0: Foul Ball, location: 2F
0-1: Ground out 4-3 (Groundball, 4M)
Batting: RHB Clarence Harrison 0-0: Swinging Strike
0-1: Swinging Strike
0-2: Foul Ball, location: 2F
0-2: Ball
1-2: Ball
2-2: Strikes out looking
Batting: LHB Francisco Chavero 0-0: Fly out, F7 (Flyball, 7S)
Bottom of the 2nd over - 0 run(s), 0 hit(s), 0 error(s), 0 left on base; Gilbert 0 - Boise 0
TOP OF THE 3RD
Gilbert Fire Fighters batting - Pitching for Boise White Sox : RHP Luis Vargas
Batting: RHB José Hernández 0-0: Ball
1-0: Ball
2-0: Foul Ball, location: 2F
2-1: Fly out, F8 (Flyball, 8LS)
Batting: LHB Rafael Romero 0-0: Ball
1-0: Called Strike
1-1: Called Strike
1-2: Ball
2-2: SINGLE (Groundball, 6MD)
Batting: RHB Ángel Serrano 0-0: Called Strike
0-1: Ball
1-1: Called Strike
1-2: Grounds into double play, 5-4-3 (Groundball, 56)
Top of the 3rd over - 0 run(s), 1 hit(s), 0 error(s), 0 left on base; Gilbert 0 - Boise 0
BOTTOM OF THE 3RD
Boise White Sox batting - Pitching for Gilbert Fire Fighters : RHP Carlos Olmedo
Batting: RHB Jorge Barrios 0-0: Fly out, F8 (Flyball, 8RM)
Batting: RHB Don Miller 0-0: Fly out, F9 (Flyball, 89S)
Batting: LHB Randy Wiggins 0-0: Ball
1-0: Ball
2-0: Ball
3-0: Called Strike
3-1: SINGLE (Groundball, 5D)
Batting: SHB António Ramos 0-0: Ball
1-0: Ball
2-0: Ball
3-0: Called Strike
3-1: Base on Balls
Randy Wiggins to second
Batting: RHB Armando Vega 0-0: Ball
1-0: Fly out, F9 (Flyball, 9M)
Bottom of the 3rd over - 0 run(s), 1 hit(s), 0 error(s), 2 left on base; Gilbert 0 - Boise 0
TOP OF THE 4TH
Gilbert Fire Fighters batting - Pitching for Boise White Sox : RHP Luis Vargas
Batting: RHB Edgardo Castro 0-0: Ball
1-0: Fly out, F8 (Flyball, 8LM)
Batting: RHB Stan Simpson 0-0: Called Strike
0-1: Ball
1-1: SINGLE (Groundball, 4MD)
Batting: RHB William Wilson 0-0: Called Strike
0-1: Foul Ball, location: 2F
0-2: Foul Ball, location: 2F
0-2: Strikes out swinging
Batting: RHB Andrés Silva 0-0: Ball
Stan Simpson steals 2nd base
1-0: SINGLE (Groundball, 3L)
Stan Simpson to third
Runner from 3rd tries for Home, SAFE, no throw or cutoff
Batting: RHB Ed Keesee 0-0: Ball
1-0: Ball
2-0: Called Strike
2-1: SINGLE (Line Drive, 89M)
Andrés Silva to second
Runner from 2nd tries for 3rd, SAFE, throw made to third
Batting: RHB Scott McCullough 0-0: Ball
1-0: Ball
2-0: Foul Ball, location: 2F
2-1: Called Strike
2-2: Strikes out swinging
Top of the 4th over - 1 run(s), 3 hit(s), 0 error(s), 2 left on base; Gilbert 1 - Boise 0
BOTTOM OF THE 4TH
Boise White Sox batting - Pitching for Gilbert Fire Fighters : RHP Carlos Olmedo
Batting: LHB Jorge Martínez 0-0: Foul Ball, location: 2F
0-1: Fly out, F3 (Popup, 3DF)
Batting: RHB Roberto Ybarra 0-0: Ball
1-0: Foul Ball, location: 2F
1-1: Called Strike
1-2: Ball
2-2: Strikes out swinging
Batting: RHB Clarence Harrison 0-0: Ball
1-0: Ball
2-0: Fly out, F9 (Flyball, 9LM)
Bottom of the 4th over - 0 run(s), 0 hit(s), 0 error(s), 0 left on base; Gilbert 1 - Boise 0
TOP OF THE 5TH
Gilbert Fire Fighters batting - Pitching for Boise White Sox : RHP Luis Vargas
Batting: RHB José Hernández 0-0: Ground out U3 (Groundball, 3S)
Batting: LHB Rafael Romero 0-0: Swinging Strike
0-1: Ball
1-1: Foul Ball, location: 2F
1-2: Foul Ball, location: 2F
1-2: Ball
2-2: Ball
3-2: Strikes out looking
Batting: RHB Ángel Serrano 0-0: Called Strike
0-1: SINGLE (Line Drive, 89S)
Pitching: RHP Bernardo Herrera
Batting: RHB Edgardo Castro 0-0: Ball
1-0: Ball
2-0: Ball
3-0: Base on Balls
Ángel Serrano to second
Batting: RHB Stan Simpson 0-0: Called Strike
0-1: DOUBLE (Groundball, 5L)
Ángel Serrano scores
Edgardo Castro to third
Batting: RHB William Wilson 0-0: Foul Ball, location: 2F
0-1: Ball
1-1: Ball
2-1: Foul Ball, location: 2F
2-2: DOUBLE (Flyball, 9D)
Edgardo Castro scores
Stan Simpson scores
Batting: RHB Andrés Silva 0-0: Ball
1-0: Ground out 6-3 (Groundball, 6)
Top of the 5th over - 3 run(s), 3 hit(s), 0 error(s), 1 left on base; Gilbert 4 - Boise 0
BOTTOM OF THE 5TH
Boise White Sox batting - Pitching for Gilbert Fire Fighters : RHP Carlos Olmedo
Batting: LHB Francisco Chavero 0-0: Called Strike
0-1: Ball
1-1: Called Strike
1-2: Strikes out looking
Batting: RHB Jorge Barrios 0-0: Ball
1-0: Ball
2-0: Foul Ball, location: 2F
2-1: Foul Ball, location: 2F
2-2: Fly out, F8 (Flyball, 8LM)
Batting: RHB Don Miller 0-0: Called Strike
0-1: Ball
1-1: Ball
2-1: Called Strike
2-2: Foul Ball, location: 2F
2-2: Foul Ball, location: 2F
2-2: Strikes out swinging
Bottom of the 5th over - 0 run(s), 0 hit(s), 0 error(s), 0 left on base; Gilbert 4 - Boise 0
TOP OF THE 6TH
Gilbert Fire Fighters batting - Pitching for Boise White Sox : RHP Bernardo Herrera
Batting: RHB Ed Keesee 0-0: Called Strike
0-1: SINGLE (Groundball, 6S)
Batting: RHB Scott McCullough 0-0: Fly out, F7 (Flyball, 7M)
Batting: RHB José Hernández 0-0: Called Strike
0-1: Ball
1-1: Called Strike
1-2: Foul Ball, location: 2F
1-2: Ball
2-2: Ball
3-2: Strikes out swinging
Ed Keesee is caught stealing 2nd base
Batter strikes out.
Top of the 6th over - 0 run(s), 1 hit(s), 0 error(s), 0 left on base; Gilbert 4 - Boise 0
BOTTOM OF THE 6TH
Boise White Sox batting - Pitching for Gilbert Fire Fighters : RHP Carlos Olmedo
Batting: LHB Randy Wiggins 0-0: Ground out U3 (Groundball, 3S)
Batting: SHB António Ramos 0-0: Fly out, F7 (Flyball, 7LM)
Batting: RHB Armando Vega 0-0: Ball
1-0: Ball
2-0: Foul Ball, location: 2F
2-1: Ball
3-1: Called Strike
3-2: Base on Balls
Batting: LHB Jorge Martínez 0-0: Called Strike
Armando Vega steals 2nd base
0-1: Ball
1-1: Ball
2-1: Called Strike
2-2: Ball
3-2: Foul Ball, location: 2F
3-2: Ground out 1-3 (Groundball, 15)
Bottom of the 6th over - 0 run(s), 0 hit(s), 0 error(s), 1 left on base; Gilbert 4 - Boise 0
TOP OF THE 7TH
Gilbert Fire Fighters batting - Pitching for Boise White Sox : RHP Bernardo Herrera
Batting: LHB Rafael Romero 0-0: Ball
1-0: Called Strike
1-1: Ball
2-1: DOUBLE (Line Drive, 5D)
Batting: RHB Ángel Serrano 0-0: Intentional Walk
Batting: RHB Edgardo Castro 0-0: Bunted foul
0-1: Bunted foul
0-2: Ball
1-2: SINGLE (Groundball, 56D)
Rafael Romero to third
Ángel Serrano to second
Batting: RHB Stan Simpson 0-0: Grounds into double play, 6-4-3 (Groundball, 6)
Rafael Romero scores
Ángel Serrano to third
Pitching: RHP Pedro Luque
Batting: RHB William Wilson 0-0: Called Strike
0-1: Swinging Strike
0-2: Foul Ball, location: 2F
0-2: Ball
1-2: Ball
2-2: Ball
3-2: Base on Balls
Batting: RHB Andrés Silva 0-0: Foul Ball, location: 2F
0-1: Called Strike
0-2: Ball
1-2: Hit by Pitch
William Wilson to second
Batting: RHB Ed Keesee 0-0: Ball
1-0: Ball
2-0: Foul Ball, location: 2F
2-1: Foul Ball, location: 2F
2-2: Ball
3-2: Strikes out swinging
Top of the 7th over - 1 run(s), 2 hit(s), 0 error(s), 3 left on base; Gilbert 5 - Boise 0
BOTTOM OF THE 7TH
Boise White Sox batting - Pitching for Gilbert Fire Fighters : RHP Carlos Olmedo
Batting: RHB Roberto Ybarra 0-0: Ball
1-0: Swinging Strike
1-1: Foul Ball, location: 2F
1-2: Ball
2-2: Ball
3-2: Strikes out looking
Pitching: LHP Miguel Rodríguez
Batting: RHB Clarence Harrison 0-0: Called Strike
0-1: Ball
1-1: Ball
2-1: Foul Ball, location: 2F
2-2: Strikes out looking
Batting: LHB Francisco Chavero 0-0: Ball
1-0: Ball
2-0: Swinging Strike
2-1: Ball
3-1: Called Strike
3-2: Base on Balls
Batting: RHB Jorge Barrios 0-0: Fly out, F7 (Flyball, 78S)
Bottom of the 7th over - 0 run(s), 0 hit(s), 0 error(s), 1 left on base; Gilbert 5 - Boise 0
TOP OF THE 8TH
Gilbert Fire Fighters batting - Pitching for Boise White Sox : RHP Pedro Luque
Batting: RHB Scott McCullough 0-0: Ball
1-0: Called Strike
1-1: Ball
2-1: Foul Ball, location: 2F
2-2: Strikes out looking
Batting: RHB José Hernández 0-0: Ball
1-0: Called Strike
1-1: Ball
2-1: Foul Ball, location: 2F
2-2: Strikes out swinging
Batting: LHB Rafael Romero 0-0: Ball
1-0: Swinging Strike
1-1: Fly out, F5 (Popup, 25F)
Top of the 8th over - 0 run(s), 0 hit(s), 0 error(s), 0 left on base; Gilbert 5 - Boise 0
BOTTOM OF THE 8TH
Boise White Sox batting - Pitching for Gilbert Fire Fighters : LHP Miguel Rodríguez
Batting: RHB Don Miller 0-0: Ball
1-0: Fly out, F3 (Popup, 3F)
Batting: LHB Randy Wiggins 0-0: Fly out, F7 (Flyball, 7M)
Batting: SHB António Ramos 0-0: Called Strike
0-1: Ball
1-1: Ball
2-1: Ball
3-1: Base on Balls
Batting: RHB Armando Vega 0-0: Fly out, F5 (Popup, 25F)
Bottom of the 8th over - 0 run(s), 0 hit(s), 0 error(s), 1 left on base; Gilbert 5 - Boise 0
TOP OF THE 9TH
Gilbert Fire Fighters batting - Pitching for Boise White Sox : RHP Pedro Luque
Batting: RHB Ángel Serrano 0-0: Ball
1-0: Foul Ball, location: 2F
1-1: Ball
2-1: Ball
3-1: Called Strike
3-2: SINGLE (Flyball, 8RS)
Batting: RHB Edgardo Castro 0-0: Bunted foul
0-1: Bunted foul
0-2: Foul Ball, location: 2F
0-2: Fly out, F8 (Flyball, 8RXD)
Batting: RHB Stan Simpson 0-0: Ball
1-0: Ball
2-0: Ball
3-0: Base on Balls
Ángel Serrano to second
Batting: RHB William Wilson 0-0: Ball
1-0: DOUBLE (Line Drive, 8LM)
Ángel Serrano scores
Stan Simpson to third
Batting: RHB Andrés Silva 0-0: Ball
1-0: Fly out, F8 (Flyball, 8LD)
Runner from 3rd tags up, SCORES, no throw
William Wilson to third
Batting: RHB Ed Keesee 0-0: Called Strike
0-1: Ball
1-1: Ball
2-1: Ball
3-1: DOUBLE (Line Drive, 9LM)
William Wilson scores
Batting: RHB Scott McCullough 0-0: SINGLE (Groundball, 56D)
Ed Keesee to third
Runner from 3rd tries for Home, SAFE, no throw or cutoff
Pitching: RHP Mauro Martínez
Batting: RHB José Hernández 0-0: Ball
1-0: Foul Ball, location: 2F
1-1: Ball
2-1: Fly out, F3 (Line Drive, 3)
Top of the 9th over - 4 run(s), 4 hit(s), 0 error(s), 1 left on base; Gilbert 9 - Boise 0
BOTTOM OF THE 9TH
Boise White Sox batting - Pitching for Gilbert Fire Fighters : LHP Miguel Rodríguez
Batting: LHB Jorge Martínez 0-0: Called Strike
0-1: Ball
1-1: Fly out, F5 (Popup, 5F)
Batting: RHB Roberto Ybarra 0-0: Called Strike
0-1: Foul Ball, location: 2F
0-2: Ball
1-2: Strikes out swinging
Batting: RHB Clarence Harrison 0-0: Called Strike
0-1: Foul Ball, location: 2F
0-2: Strikes out swinging
Bottom of the 9th over - 0 run(s), 0 hit(s), 0 error(s), 0 left on base; Gilbert 9 - Boise 0
Monday, December 5th, 2016 - OOTP Baseball 17.12 Build 75